 Dungeon Crawl Stone Soup version 0.30-a0-756-gc2185399d4 (webtiles) character file.

Game seed: 10026700456823233389

12141 kae the Geomancer (level 11, -2/64 HPs)
             Began as a Gargoyle Earth Elementalist on Feb 9, 2023.
             Was a Believer of Vehumet.
             Slain by Harold
             ... wielding a +1 glaive of protection
              (23 damage)
             ... on level 11 of the Dungeon.
             The game lasted 00:09:37 (11724 turns).

kae the Geomancer (Gargoyle Earth Elementalist)    Turns: 11724, Time: 00:09:38

Health: -2/64      AC: 16    Str: 12    XL:     11   Next: 88%
Magic:  4/23       EV:  6    Int: 26    God:    Vehumet [**....]
Gold:   514        SH:  0    Dex: 10    Spells: 16/26 levels left

rFire   . . .      SeeInvis .    c - +2 dagger (venom)
rCold   . . .      Faith    .    (no shield)
rNeg    + . .      Spirit   .    y - +0 troll leather armour
rPois   ∞          Reflect  .    (no helmet)
rElec   +          Harm     .    (no cloak)
rCorr   .          Rampage  .    (no gloves)
Will    .....                    (no boots)
Stlth   ++                       g - amulet of regeneration
HPRegen 1.90/turn                O - +4 ring of protection
MPRegen 0.18/turn                I - +6 ring of intelligence

@: marked, held
A: sickness immunity, AC +8, negative energy resistance 1, electricity
resistance, torment resistance 1, petrification resistance
a: Renounce Religion


You were on level 11 of the Dungeon.
You worshipped Vehumet.
Vehumet was pleased with you.
You visited 2 branches of the dungeon, and saw 12 of its levels.

You collected 670 gold pieces.
You spent 156 gold pieces at shops.


Innate Abilities, Weirdness & Mutations

You are immune to sickness and miasma.
Your stone body is resilient. (AC +8)
You are immune to poison.
You resist negative energy. (rN+)
You are resistant to electric shocks. (rElec)
You are resistant to unholy torment.
You are immune to petrification.


   Skills:
 + Level 5.3 Fighting
 - Level 1.5 Dodging
 - Level 2.1 Stealth
 - Level 8.0 Spellcasting
 - Level 13.0 Conjurations
 - Level 0.7 Transmutations
 - Level 13.0 Earth Magic


You had 16 spell levels left.
You knew the following spells:

 Your Spells              Type           Power      Damage    Failure   Level
a - Sandblast             Erth           100%       2d20      1%          1
b - Stone Arrow           Conj/Erth      100%       3d13      1%          3
c - Passwall              Tmut/Erth      38%        N/A       1%          2
d - Petrify               Tmut/Erth      46%        N/A       4%          4

Your spell library contained the following spells:

 Spells                   Type           Power      Damage    Failure   Level
 Mephitic Cloud           Conj/Pois/Air  32%        N/A       3%          3
 Static Discharge         Conj/Air       88%        2-6/arc   1%          2
 Necrotise                Necr           40%        1d6       7%          1
 Arcjolt                  Conj/Air       22%        1d32      14%         5
 Lightning Bolt           Conj/Air       22%        1d37      14%         5
 Ignite Poison            Fire/Tmut/Pois 11%        N/A       21%         3
 Kindle Blastsparks       Fire/Tloc/Air  20%        2d11      22%         3
 Ozocubu's Armour         Ice            10%        N/A       22%         3
 Portal Projectile        Hex/Tloc       20%        N/A       22%         3
 Tukima's Dance           Hex            10%        N/A       22%         3
 Vampiric Draining        Necr           10%        2d6       22%         3
 Vhi's Electric Charge    Tloc/Air       20%        N/A       22%         3
 Freezing Cloud           Conj/Ice/Air   16%        6-21      34%         5
 Dispel Undead            Necr           10%        3d9       56%         4
 Blade Hands              Tmut           7%         N/A       83%         5
 Yara's Violent Unravell  Hex/Tmut       6%         3d5       86%         5
 Agony                    Necr           10%        N/A       89%         5
 Summon Forest            Summ/Tloc      5%         N/A       89%         5
 Summon Mana Viper        Hex/Summ       10%        N/A       89%         5
 Death Channel            Necr           5%         N/A       100%        6
 Summon Cactus Giant      Summ           5%         N/A       100%        6
 Enfeeble                 Hex            5%         N/A       100%        7
 Ozocubu's Refrigeration  Ice            5%         4d8       100%        7
 Cigotuvi's Dreadful Rot  Necr/Pois/Air  Unusable   N/A       N/A         2

Inventory:

Hand Weapons
 c - a +2 dagger of venom (weapon)
   (You found it on level 1 of the Dungeon)
Missiles
 d - 54 stones
 m - 5 throwing nets {=f!f}
 q - 12 poisoned darts
 w - 16 boomerangs
Armour
 a - a +1 robe
 y - a +0 troll leather armour (worn)
   (You found it on level 9 of the Dungeon)
Magical Staves
 t - a staff of conjuration {!a}
   (You acquired it on level 5 of the Dungeon)
Jewellery
 g - an amulet of regeneration (around neck)
   (You found it on level 8 of the Dungeon)
 D - a +6 ring of dexterity
   (You found it on level 6 of the Dungeon)
 F - a ring of fire
   (You found it on level 7 of the Dungeon)
 I - a +6 ring of intelligence (right hand)
   (You found it on level 6 of the Dungeon)
 O - a +4 ring of protection (left hand)
   (You found it on level 4 of the Dungeon)
 R - a ring of resist corrosion
   (You found it on level 5 of the Dungeon)
Wands
 s - a wand of iceblast (22)
   (You took it off Ijyb on level 5 of the Dungeon)
 H - a wand of polymorph (4)
   (You found it on level 11 of the Dungeon)
Scrolls
 f - 5 scrolls of poison
 l - 7 scrolls of teleportation {@r4}
 n - 2 scrolls of blinking {!r}
 o - 2 scrolls of vulnerability {!r!r}
 r - a scroll of fear
 x - 2 scrolls of enchant weapon
 C - a scroll of fog
 E - a scroll of butterflies {unknown}
 G - a scroll of identify {@r1}
Potions
 b - 2 potions of ambrosia {unknown}
 e - 3 potions of might
 h - 3 potions of flight
 i - 3 potions of brilliance
 j - a potion of resistance
 k - 5 potions of curing {@q1}
 p - 4 potions of heal wounds {@q2}
 u - 2 potions of degeneration {!q}
 v - a potion of mutation {!q}
 z - a potion of berserk rage {!q}
 A - 3 potions of invisibility
 B - a potion of haste {@q3}

Dungeon Overview and Level Annotations

Branches:
Dungeon (11/15) Zot: 25554  Temple (1/1) D:7 Zot: 5836     Orc (0/2) D:11
   Lair: D:8-11

Altars:
Ashenzari
Cheibriados
Dithmenos
Elyvilon
Fedhas
Gozag
Hepliaklqana
Kikubaaqudgha
Makhleb
Nemelex Xobeh
Okawaru
Qazlal
Ru
Sif Muna
Trog
Uskayaw
Vehumet
Wu Jian
Xom
Yredelemnul
Zin
The Shining One

Shops:
D:4 !   D:10 [

Annotations:
D:5 2 transporters, KingMieszko3's ghost, novice MiBe
D:9 2 transporters, exclusion: ice statue, HoaS's ghost, novice GrHu
D:10 3 runed translucent doors, dunno567's ghost, journeyman GrEE
D:11 Harold

### ##. ###.# ## ...#
...#### .#.....
###...######
######....... #
####..##.#
###............
##....###..††@...####.#
##........@###.#..#
#.###.#.##.#..##.# ##
### ##### ##### ## ###
.###### #.# #.# ......#
#.# #.# .####.#
#.#########.### .####.#
#.#............ ....#.#
#.#.######.....
....#.### #.#.# ######


You could see Harold.


Message History

Confirm with . or Enter, or press ? or * to list all spells.
Aiming: Sandblast (safe; 1% risk of failure)
Press: ? - help, Shift-Dir - straight line, f/p - basilisk
Aim: a basilisk (severely wounded, 82% to hit)
The blast of sand hits the basilisk.
The basilisk bites you but does no damage.
Harold hits you from afar with a +1 glaive of protection.
The basilisk barely misses you.
Harold hits you from afar with a +1 glaive of protection. 😮 HP[-6] MP[-1]
You take 6 damage, and now have 42/63 hp.
You lost 1 mp, and now have 17/23 mp.
Casting: Sandblast (safe; 1% risk of failure)
Confirm with . or Enter, or press ? or * to list all spells.
Aiming: Sandblast (safe; 1% risk of failure)
Press: ? - help, Shift-Dir - straight line, f/p - basilisk
Aim: a basilisk (almost dead, 82% to hit)
The blast of sand hits the basilisk but does no damage.
The basilisk bites you.
Harold throws a throwing net.
The throwing net hits you.
You become entangled in the net! 😮 HP[-1] MP[-1]
You take 1 damage, and now have 41/63 hp.
You lost 1 mp, and now have 16/23 mp.
Casting: Sandblast (safe; 1% risk of failure)
Confirm with . or Enter, or press ? or * to list all spells.
Aiming: Sandblast (safe; 1% risk of failure)
Press: ? - help, Shift-Dir - straight line, f/p - basilisk
Aim: a basilisk (almost dead, 82% to hit)
The blast of sand hits the basilisk!
You kill the basilisk!
Vehumet accepts your kill.
Harold hits you from afar with a +1 glaive of protection!
Harold hits you but does no damage. 😮 HP[-4]
You now have 64 max hp (+1).
You take 4 damage, and now have 37/64 hp.
Unknown command.
Casting: Sandblast (safe; 1% risk of failure)
Confirm with . or Enter, or press ? or * to list all spells.
Aiming: Sandblast (safe; 1% risk of failure)
Press: ? - help, Shift-Dir - straight line, f - Harold
Aim: Harold, wielding a +1 glaive of protection, wearing a +0 chain mail, quivering a throwing net and carrying a wand of iceblast (7) (93% to hit)
The blast of sand hits Harold but does no damage.
Harold zaps a wand.
The mass of ice explodes!
The iceblast engulfs you. 😮 HP[-1] MP[-1]
You take 1 damage, and now have 36/64 hp.
You lost 1 mp, and now have 15/23 mp.
You struggle against the net.
Harold zaps a wand.
The mass of ice explodes!
The iceblast engulfs you. 😮 HP[+1]
You struggle against the net.
Harold hits you from afar with a +1 glaive of protection!
* * * LOW HITPOINT WARNING * * *
😨 HP[-9]
You take 9 damage, and now have 28/64 hp.
Casting: Sandblast (safe; 1% risk of failure)
Confirm with . or Enter, or press ? or * to list all spells.
Aiming: Stone Arrow (safe; 1% risk of failure)
Press: ? - help, Shift-Dir - straight line, f/p - Harold
Aim: Harold, wielding a +1 glaive of protection, wearing a +0 chain mail, quivering a throwing net and carrying a wand of iceblast (5) (89% to hit)
The stone arrow hits Harold.
Harold hits you from afar with a +1 glaive of protection!
* * * LOW HITPOINT WARNING * * *
😱 HP[-12] MP[-3]
You take 12 damage, and now have 16/64 hp.
You lost 3 mp, and now have 12/23 mp.
Casting: Stone Arrow (safe; 1% risk of failure)
Confirm with . or Enter, or press ? or * to list all spells.
Aiming: Stone Arrow (safe; 1% risk of failure)
Press: ? - help, Shift-Dir - straight line, f/p - Harold
Aim: Harold, wielding a +1 glaive of protection, wearing a +0 chain mail, quivering a throwing net and carrying a wand of iceblast (5) (lightly wounded, 89% to hit)
The stone arrow hits Harold!
Harold hits you from afar with a +1 glaive of protection.
* * * LOW HITPOINT WARNING * * *
😨 HP[+1] MP[-2]
You lost 2 mp, and now have 10/23 mp.
Casting: Stone Arrow (safe; 1% risk of failure)
Confirm with . or Enter, or press ? or * to list all spells.
Aiming: Stone Arrow (safe; 1% risk of failure)
Press: ? - help, Shift-Dir - straight line, f/p - Harold
Aim: Harold, wielding a +1 glaive of protection, wearing a +0 chain mail, quivering a throwing net and carrying a wand of iceblast (5) (lightly wounded, 89% to hit)
The stone arrow hits Harold.
Harold zaps a wand.
The mass of ice explodes!
The iceblast engulfs you but does no damage. 😨 HP[+2] MP[-3]
You regained 2 hp, and now have 19/64 hp.
You lost 3 mp, and now have 7/23 mp.
Casting: Stone Arrow (safe; 1% risk of failure)
Confirm with . or Enter, or press ? or * to list all spells.
Aiming: Stone Arrow (safe; 1% risk of failure)
Press: ? - help, Shift-Dir - straight line, f/p - Harold
Aim: Harold, wielding a +1 glaive of protection, wearing a +0 chain mail, quivering a throwing net and carrying a wand of iceblast (4) (lightly wounded, 89% to hit)
The stone arrow hits Harold!
Harold grumbles, "Just give up already, I want to go home!"
Harold hits you from afar with a +1 glaive of protection!!
You die...

Skill      XL: |  1  2  3  4  5  6  7  8  9 10 11 |
---------------+----------------------------------+-----
Earth Magic    | 4 5 6 7 9 11 13 | 13.0
Conjurations   | 1 2 3 4 5 7 9 11 13 | 13.0
Spellcasting   | 3 4 6 7 8 |  8.0
Fighting       | 1 5 |  5.3
Dodging        | |  1.5
Stealth        | |  2.1
Transmutations | |  0.7

Action                     |  1- 3 |  4- 6 |  7- 9 | 10-12 || total
---------------------------+-------+-------+-------+-------++-------
  Melee: Dagger            |    77 |    26 |    39 |    91 ||   233
         Punch             |     2 |       |     1 |     2 ||     5
   Cast: Sandblast         |    13 |    44 |   156 |   103 ||   316
         Stone Arrow       |       |       |    29 |    88 ||   117
    Use: Scroll            |     7 |     2 |     7 |     9 ||    25
         Potion            |       |       |       |     2 ||     2
   Stab: Sleeping          |     5 |       |       |       ||     5
         Held in net/web   |       |       |       |     2 ||     2
 Armour: Robe              |    26 |    14 |    80 |    69 ||   189
         Troll leather arm |       |       |       |    58 ||    58
  Dodge: Dodged            |    37 |    36 |    78 |   126 ||   277

Levels and vault maps discovered:
D:1:      saegor_arrival_fortress, layout_loops_ring
D:2:      layout_rooms, chequers_serial_rivers_micro_c
D:3:      minmay_chambers_of_threes, layout_rooms, serial_co_window_serial,
          co_window_paths_a, co_window_of_opportunity_a, co_window_corner_a,
          co_window_of_opportunity_a, co_window_cross_1, co_window_corner_ca,
          co_window_cross_4, co_window_broadway_a, co_window_4corner_b,
          co_window_sun, glass_columns_b, glass_columns_a, glass_columns_a
D:4:      layout_basic, serial_shops, nicolae_stop_n_shop_1,
          dreamdust_mushroom_princess, kennysheep_diamond
D:5:      wad_crossroads, layout_basic, gammafunk_ghost_arena, st_stairs_3,
          chequers_serial_rivers_micro_e, kennysheep_generic_room_3, uniq_ijyb,
          uniq_edmund
D:6:      kennysheep_six_static_rooms, layout_basic, abandoned_shop
D:7:      layout_cave_pools, mainiacjoe_overflow_large_starburst,
          minmay_temple_entry_gardened_gates, minmay_quadrilaterals
D:8:      layout_loops_ring, fedhas_bush_and_centaur_altar,
          nicolae_qazlal_general_emergency, eino_small_chamber_without_monster
D:9:      old_forge, layout_basic, minitemple, nzn_ghost_randoct,
          grunt_decor_clamped
D:10:     layout_rooms, zin_treasury, gammafunk_ghost_split, serial_shops, shop,
          statue_in_the_mist_lemuel, minivault_25
D:11:     layout_loops_ring, erik_lair_dragon, david_orc_4, uniq_harold
Temple:   nicolae_temple_superstar

Notes
Turn   | Place    | Note
-------+----------+-------------------------------------------
     0 | D:1      | kae the Gargoyle Earth Elementalist began the quest for the
                  | Orb.
     0 | D:1      | Reached XP level 1. HP: 10/10 MP: 3/3
     0 | D:1      | magus.rc [v1.11.3]
    67 | D:1      | Reached skill level 4 in Earth Magic
    71 | D:1      | Reached XP level 2. HP: 15/15 MP: 1/5
   239 | D:1      | You pick up a book of Decay and begin reading...
   239 | D:1      | You add the spells Dispel Undead and Death Channel to your
                  | library.
   295 | D:1      | Reached XP level 3. HP: 18/19 MP: 6/6
   299 | D:1      | Learned a level 3 spell: Stone Arrow
   302 | D:1      | Learned a level 2 spell: Passwall
  1333 | D:2      | You pick up a book of Lightning and begin reading...
  1333 | D:2      | You add the spells Static Discharge, Vhi's Electric Charge,
                  | Lightning Bolt and Arcjolt to your library.
  1417 | D:2      | You pick up a book of Necromancy and begin reading...
  1417 | D:2      | You add the spells Necrotise, Vampiric Draining and Agony
                  | to your library.
  1611 | D:3      | Reached skill level 1 in Conjurations
  1777 | D:3      | Reached skill level 5 in Earth Magic
  1844 | D:3      | Reached XP level 4. HP: 23/24 MP: 7/7
  2571 | D:3      | Reached skill level 2 in Conjurations
  2584 | D:3      | Reached XP level 5. HP: 26/28 MP: 4/9
  2630 | D:3      | You pick up a book of the Wilderness and begin reading...
  2630 | D:3      | You add the spells Summon Forest, Summon Mana Viper and
                  | Summon Cactus Giant to your library.
  2902 | D:4      | Found Laenwibo's Distillery.
  2934 | D:4      | Bought 2 potions of heal wounds for 120 gold pieces
  2934 | D:4      | Bought a potion of curing for 36 gold pieces
  2947 | D:4      | Noticed a phantom
  2957 | D:4      | Killed a phantom
  2958 | D:4      | Reached skill level 3 in Spellcasting
  2958 | D:4      | Reached skill level 3 in Conjurations
  2958 | D:4      | Reached skill level 6 in Earth Magic
  3068 | D:4      | Noticed an ogre
  3073 | D:4      | Killed an ogre
  3074 | D:4      | Reached XP level 6. HP: 32/32 MP: 6/10
  3197 | D:4      | Noticed a black bear
  3201 | D:4      | Killed a black bear
  3202 | D:4      | Reached skill level 4 in Conjurations
  3202 | D:4      | Reached XP level 7. HP: 36/36 MP: 8/12
  3448 | D:4      | Reached skill level 7 in Earth Magic
  3618 | D:5      | Entered Level 5 of the Dungeon
  3618 | D:5      | You fall into a shaft and drop 3 floors!
  3683 | D:8      | Found a stormy altar of Qazlal.
  3739 | D:8      | Reached skill level 5 in Conjurations
  4015 | D:8      | Found a blossoming altar of Fedhas.
  4111 | D:7      | HP: 9/36 [something (1)]
  4111 | D:7      | HP: 4/36 [something (3)]
  4113 | D:7      | Reached skill level 4 in Spellcasting
  4113 | D:7      | Reached XP level 8. HP: 4/41 MP: 5/14
  4266 | D:6      | Reached skill level 8 in Earth Magic
  4499 | D:5      | Noticed Ijyb
  4507 | D:5      | Killed Ijyb
  4508 | D:5      | Reached skill level 6 in Conjurations
  4608 | D:5      | Noticed Edmund
  4618 | D:5      | Killed Edmund
  4817 | D:5      | Reached skill level 9 in Earth Magic
  4823 | D:5      | HP: 9/41 [gnoll/+0 club[a gnoll sergeant] (6)]
  4947 | D:5      | You add the spells Kindle Blastsparks, Ignite Poison and
                  | Freezing Cloud to your library.
  4958 | D:5      | Reached skill level 7 in Conjurations
  5110 | D:5      | Found a transporter.
  5110 | D:5      | Noticed KingMieszko3's ghost (novice MiBe)
  5113 | D:5      | Found a transporter.
  5177 | D:5      | Reached XP level 9. HP: 45/45 MP: 12/16
  5182 | D:5      | Learned a level 4 spell: Petrify
  5205 | D:5      | Reached skill level 5 in Spellcasting
  5717 | D:5      | Identified a scroll of acquirement
  5719 | D:5      | Acquired a staff of conjuration
  5951 | D:6      | Reached skill level 10 in Earth Magic
  6019 | D:6      | Reached skill level 8 in Conjurations
  6959 | D:7      | You add the spells Ozocubu's Armour and Ozocubu's
                  | Refrigeration to your library.
  6999 | D:7      | You pick up a book of Misfortune and begin reading...
  6999 | D:7      | You add the spells Yara's Violent Unravelling and Enfeeble
                  | to your library.
  7014 | D:7      | Found a staircase to the Ecumenical Temple.
  7023 | Temple   | Entered the Ecumenical Temple
  7152 | Temple   | Became a worshipper of Vehumet
  7456 | D:7      | Found a broken altar of Ashenzari.
  7469 | D:7      | Reached skill level 9 in Conjurations
  7469 | D:7      | Reached skill level 11 in Earth Magic
  7517 | D:7      | Found an ornate altar of the Wu Jian Council.
  7694 | D:7      | Reached skill level 6 in Spellcasting
  7694 | D:7      | Reached XP level 10. HP: 27/50 MP: 9/19
  7830 | D:7      | HP: 12/50 [yak (3)]
  8032 | D:8      | You pick up a book of Weapons and begin reading...
  8032 | D:8      | You add the spells Tukima's Dance, Portal Projectile and
                  | Blade Hands to your library.
  8375 | D:9      | Reached skill level 10 in Conjurations
  8427 | D:9      | Reached skill level 12 in Earth Magic
  8739 | D:9      | Found a transporter.
  8739 | D:9      | Found a transporter.
  8745 | D:9      | Noticed an ice statue
  8748 | D:9      | Noticed a deep elf pyromancer
  8750 | D:9      | Noticed a two-headed ogre
  8757 | D:9      | Noticed a two-headed ogre
  8842 | D:9      | Reached * piety under Vehumet
  8842 | D:9      | Offered knowledge of Shock by Vehumet.
  9010 | D:9      | Noticed HoaS's ghost (novice GrHu)
  9249 | D:9      | Found a white marble altar of Elyvilon.
  9256 | D:9      | Found a hide-covered altar of Uskayaw.
  9510 | D:10     | Entered Level 10 of the Dungeon
  9510 | D:10     | Noticed a two-headed ogre
  9514 | D:10     | Killed a two-headed ogre
  9651 | D:10     | Found Ahiukkia's Armour Boutique.
  9691 | D:10     | Noticed dunno567's ghost (journeyman GrEE)
  9692 | D:10     | Found a runed translucent gate.
  9692 | D:10     | Found a runed translucent gate.
  9693 | D:10     | Found a runed translucent gate.
  9845 | D:10     | Noticed a gargoyle
  9875 | D:10     | Reached skill level 1 in Fighting
  9875 | D:10     | Reached skill level 7 in Spellcasting
  9875 | D:10     | Reached skill level 11 in Conjurations
  9899 | D:10     | Killed a gargoyle
  9900 | D:10     | Reached skill level 13 in Earth Magic
  9900 | D:10     | Reached XP level 11. HP: 41/56 MP: 11/21
  9979 | D:10     | Found a glowing silver altar of Zin.
 10012 | D:10     | Reached skill level 2 in Fighting
 10152 | D:10     | Offered knowledge of Momentum Strike by Vehumet.
 10158 | D:10     | Reached ** piety under Vehumet
 10337 | D:11     | Noticed a two-headed ogre
 10344 | D:11     | Killed a two-headed ogre
 10346 | D:11     | Noticed a boulder beetle
 10356 | D:11     | HP: 13/59 [boulder beetle (13)]
 10362 | D:11     | Killed a boulder beetle
 10363 | D:11     | Reached skill level 3 in Fighting
 10578 | D:11     | Noticed a boulder beetle
 10588 | D:11     | Killed a boulder beetle
 10589 | D:11     | Reached skill level 12 in Conjurations
 10957 | D:11     | Noticed a boulder beetle
 10966 | D:11     | Killed a boulder beetle
 10967 | D:11     | Reached skill level 4 in Fighting
 11242 | D:11     | Noticed Harold
 11255 | D:11     | HP: 10/62 [acid dragon/splash of acid (26)]
 11259 | D:11     | HP: 1/62 [basilisk (9)]
 11464 | D:11     | Reached skill level 8 in Spellcasting
 11489 | D:11     | Offered knowledge of Mephitic Cloud by Vehumet.
 11572 | D:11     | Found a staircase to the Orcish Mines.
 11705 | D:11     | Reached skill level 5 in Fighting
 11708 | D:11     | Reached skill level 13 in Conjurations
 11721 | D:11     | HP: 16/64 [Harold/+1 glaive of protection (14)]
 11724 | D:11     | Slain by Harold

Vanquished Creatures
  2 two-headed ogres
  3 boulder beetles (D:11)
  A gargoyle (D:10)
  A yaktaur (D:10)
  A komodo dragon (D:11)
  4 trolls
  A shadow (D:9)
  3 wyverns
  3 basilisks (D:11)
  5 yaks (D:7)
  3 vampire mosquitoes (D:11)
  Edmund (D:5)
  An acid dragon (D:11)
  2 sky beasts
  A water moccasin (D:6)
  An ice beast (D:6)
  8 orc warriors
  5 black bears
  2 ogres
  5 phantoms
  2 centaurs
  3 gnoll sergeants
  5 bullfrogs
  4 necrophages
  7 scorpions
  9 wights
  5 howler monkeys
  A hound (D:5)
  2 jellies
  10 orc priests
  4 iguanas
  Ijyb (D:5)
  10 orc wizards
  14 gnolls
  15 adders
  A shadow imp (D:8)
  A white imp (D:8)
  An ufetubus (D:7)
  2 worms
  4 dart slugs
  32 orcs
  7 endoplasms
  3 giant cockroaches (D:1)
  7 goblins
  7 hobgoblins
  3 jackals (D:1)
  3 quokkas
  9 ball pythons
  12 bats
  4 frilled lizards
  5 kobolds
  3 rats
249 creatures vanquished.

Vanquished Creatures (others)
  7 fungi (D:9)
7 creatures vanquished.

Grand Total: 256 creatures vanquished

Table legend:
 A = Non-vault XP
 B = Vault XP
 C = Vault XP percentage of total XP
 D = Non-vault monster count
 E = Vault monster count
 F = Vault count percentage of total count
                 A         B        C        D         E       F
            +---------+---------+-------+---------+---------+-------
      Total |   13703 |    3642 |  21.0 |     174 |      75 |  30.1
            +---------+---------+-------+---------+---------+-------
        D:1 |      43 |       0 |   0.0 |      22 |       0 |   0.0
        D:2 |      26 |       0 |   0.0 |       9 |       0 |   0.0
        D:3 |      41 |      59 |  59.0 |      17 |      12 |  41.4
        D:4 |     518 |     129 |  19.9 |      13 |       2 |  13.3
        D:5 |     873 |     277 |  24.1 |      19 |       9 |  32.1
        D:6 |    1339 |     174 |  11.5 |      17 |       6 |  26.1
        D:7 |    1585 |     378 |  19.3 |      16 |       6 |  27.3
        D:8 |     393 |     106 |  21.2 |      13 |       1 |   7.1
        D:9 |    1190 |     321 |  21.2 |      15 |      14 |  48.3
       D:10 |    2920 |       0 |   0.0 |      17 |       0 |   0.0
       D:11 |    4775 |    2198 |  31.5 |      16 |      25 |  61.0
            +---------+---------+-------+---------+---------+-------

Illustrated notes

Table legend:
 A = Kills in this place as a percentage of kills in entire the game.
 B = Kills by you in this place as a percentage of kills by you in the entire game.
 C = Kills by friends in this place as a percentage of kills by friends in the entire game.
 D = Other kills in this place as a percentage of other kills in the entire game.
 E = Experience gained in this place as a percentage of experience gained in the entire game.
 F = Experience gained in this place divided by the number of levels of this place that you have seen.
                   A       B       C       D       E      F
               +-------+-------+-------+-------+-------+----------------------
         Total | 100.0 | 100.0 |   N/A |   N/A | 100.0 | 1445.4
       Dungeon | 100.0 | 100.0 |   N/A |   N/A | 100.0 | 1576.8
               +-------+-------+-------+-------+-------+----------------------

Table legend: (Time is in decaauts)
 A = Elapsed time spent in this place.
 B = Non-inter-level travel time spent in this place.
 C = Inter-level travel time spent in this place.
 D = Time resting spent in this place.
 E = Time spent auto-exploring this place.
 F = Levels seen in this place.
 G = Mean time per level.
                   A        B        C        D        E       F      G
               +--------+--------+--------+--------+--------+-----+--------+
         Total |  11883 |  11467 |    416 |    540 |   9295 |  12 |  990.2 |
       Dungeon |  11719 |  11353 |    366 |    540 |   9195 |  11 | 1065.4 |
        Temple |    163 |    114 |     49 |      0 |    100 |   1 |  163.0 |
               +--------+--------+--------+--------+--------+-----+--------+

Top non-repeatable levels by time:
    D:11: 1444 daAuts
     D:5: 1338 daAuts
     D:6: 1221 daAuts
     D:9: 1194 daAuts
     D:7: 1187 daAuts
     D:1: 1162 daAuts
     D:3: 1152 daAuts
     D:4: 893 daAuts
     D:8: 875 daAuts
    D:10: 805 daAuts
     D:2: 443 daAuts
  Temple: 163 daAuts
